 Dungeon Crawl Stone Soup version 0.30.1-3-gfc49f6343a (webtiles) character file.

Game seed: 17999072889675805240

65 BillyBaka the Skirmisher (level 4, -3/38 HPs)
             Began as a Gnoll Hunter on Aug 7, 2023.
             Slain by a gnoll
             ... wielding a +1 heavy flail
              (17 damage)
             ... on level 3 of the Dungeon.
             The game lasted 00:06:22 (1628 turns).

BillyBaka the Skirmisher (Gnoll Hunter)             Turns: 1628, Time: 00:06:23

Health: -3/38      AC:  3    Str: 11    XL:     4   Next: 13%
Magic:  5/5        EV: 13    Int:  8    God:
Gold:   167        SH:  0    Dex: 17    Spells: 5/5 levels left

rFire   . . .        a - +0 shortbow
rCold   . . .        (shield currently unavailable)
rNeg    . . .        c - +0 leather armour
rPois   +            (no helmet)
rElec   .            (no cloak)
rCorr   +            (no gloves)
SInv    .            (no boots)
Will    .....        (no amulet)
Stlth   ++           d - ring of resist corrosion
HPRegen 0.26/turn    p - ring of poison resistance
MPRegen 0.09/turn

%: no passive effects
@: no status effects
A: fangs 1, strong nose, distributed training
a: no special abilities


You were on level 3 of the Dungeon.
You visited 1 branch of the dungeon, and saw 3 of its levels.

You collected 167 gold pieces.

Inventory:

Hand Weapons
 a - a +0 shortbow (weapon)
 b - a +0 dagger of flaming
Armour
 c - a +0 leather armour (worn)
Jewellery
 d - a ring of resist corrosion (left hand)
 p - a ring of poison resistance (right hand)
Scrolls
 f - 2 scrolls of immolation
 j - a scroll of acquirement {unknown}
 l - 3 scrolls of identify {unknown}
 n - a scroll of blinking {unknown}
 o - a scroll of brand weapon {unknown}
Potions
 e - a potion of heal wounds {unknown}
 g - a potion of mutation {unknown}
 h - a potion of might {unknown}
 i - a potion of degeneration {unknown}
 k - a potion of resistance {unknown}
 m - a potion of attraction {unknown}


   Skills:
 + Level 4.6 Fighting
 + Level 1.1 Short Blades
 + Level 1.1 Long Blades
 + Level 1.1 Axes
 + Level 1.1 Maces & Flails
 + Level 1.1 Polearms
 + Level 1.1 Staves
 + Level 8.5 Ranged Weapons
 + Level 1.1 Throwing
 + Level 1.1 Armour
 + Level 4.6 Dodging
 + Level 2.5 Stealth
 + Level 1.1 Shields
 + Level 1.1 Unarmed Combat
 + Level 1.1 Spellcasting
 + Level 0.8 Conjurations
 + Level 0.8 Hexes
 + Level 0.8 Summonings
 + Level 0.8 Necromancy
 + Level 0.8 Translocations
 + Level 0.8 Transmutations
 + Level 0.8 Fire Magic
 + Level 0.8 Ice Magic
 + Level 0.8 Air Magic
 + Level 0.8 Earth Magic
 + Level 0.8 Poison Magic
 + Level 1.2 Invocations
 + Level 1.1 Evocations


You had 5 spell levels left.
You didn't know any spells.
Your spell library contained the following spells:

 Spells                   Type           Power      Damage    Failure   Level
 Cigotuvi's Dreadful Rot  Necr/Pois/Air  2%         N/A       50%         2
 Sublimation of Blood     Necr           1%         N/A       50%         2
 Dispel Undead            Necr           1%         3d6       98%         4
 Petrify                  Tmut/Erth      1%         N/A       98%         4
 Irradiate                Conj/Tmut      0%         3d11      100%        5
 Death Channel            Necr           0%         N/A       100%        6


Dungeon Overview and Level Annotations

Branches:
Dungeon (3/15)

Altars:


Innate Abilities, Weirdness & Mutations

You have very sharp teeth.
Your uncanny sense of smell can sniff out nearby items.
Your experience applies equally to all skills.


Message History

The orc misses you.
You shoot an arrow. The arrow closely misses the orc.
The arrow hits the gnoll!
The gnoll is heavily wounded.
The orc hits you but does no damage.
You shoot an arrow.
The arrow hits the orc but does no damage.
The orc is heavily wounded.
The orc closely misses you. x2
You shoot an arrow. The arrow barely misses the orc.
The arrow barely misses the gnoll.
A gnoll comes into view. It is wielding a +0 club.
The orc hits you but does no damage.
You shoot an arrow. The arrow hits the orc.
You kill the orc!
You shoot an arrow. The arrow barely misses the gnoll.
The gnoll closely misses you.
You shoot an arrow.
The arrow hits the gnoll but does no damage.
The gnoll is heavily wounded.
The gnoll attacks as you move away!
The gnoll hits you with a +1 heavy flail!
You see here a +0 ring mail.
You are too injured to fight recklessly!
Fire: a) +0 shortbow
Press: ? - help, Q - select action Shift-Dir - straight line, f/p - gnoll
Aim: a gnoll, wielding a +1 heavy flail (heavily wounded, 69% to hit)
You shoot an arrow. The arrow closely misses the gnoll.
The arrow hits the gnoll.
The gnoll is lightly wounded.
The gnoll hits you with a +1 heavy flail!
* * * LOW HITPOINT WARNING * * *
Found a stone staircase leading down.
Found an escape hatch in the ceiling.
A ball python comes into view.
An orc comes into view. It is wielding a +0 short sword.
The orc shouts!
An orc comes into view. It is wielding a +0 whip.
The gnoll attacks as you move away!
The gnoll hits you with a +1 heavy flail!
You die...

.........#># .o.∆ .
.......#.#.#####o####..
#.#.##.....#.........
..#[...............#
.##.##........##...# .
#.####.#.........# .
#......######g...# .
######## #g########
#.@....... #####.#.## ∆
∆ ∆ ∆


You could see 2 gnolls.

Vanquished Creatures
  A worm (D:2)
  4 orcs (D:3)
  3 bats (D:2)
  7 endoplasms
  3 giant cockroaches
  5 goblins (D:1)
  3 hobgoblins
  5 jackals
  A quokka (D:1)
  8 ball pythons
  2 frilled lizards
  3 kobolds (D:1)
  4 rats
49 creatures vanquished.

Notes
Turn   | Place    | Note
-------+----------+-------------------------------------------
     0 | D:1      | BillyBaka the Gnoll Hunter began the quest for the Orb.
     0 | D:1      | Reached XP level 1. HP: 20/20 MP: 1/1
   229 | D:1      | Reached XP level 2. HP: 26/26 MP: 2/2
   362 | D:1      | Reached XP level 3. HP: 31/31 MP: 3/3
  1046 | D:2      | Reached skill level 1 in Invocations
  1344 | D:2      | Reached skill level 1 in Short Blades
  1344 | D:2      | Reached skill level 1 in Long Blades
  1344 | D:2      | Reached skill level 1 in Axes
  1344 | D:2      | Reached skill level 1 in Maces & Flails
  1344 | D:2      | Reached skill level 1 in Polearms
  1344 | D:2      | Reached skill level 1 in Staves
  1344 | D:2      | Reached skill level 1 in Throwing
  1344 | D:2      | Reached skill level 1 in Armour
  1344 | D:2      | Reached skill level 1 in Shields
  1344 | D:2      | Reached skill level 1 in Unarmed Combat
  1344 | D:2      | Reached skill level 1 in Spellcasting
  1344 | D:2      | Reached skill level 1 in Evocations
  1583 | D:3      | Reached XP level 4. HP: 38/38 MP: 5/5
  1628 | D:3      | Slain by a gnoll

Illustrated notes

Levels and vault maps discovered:
D:1:      dpeg_arrival_arbitrary_b, layout_basic, st_stairs_4
D:2:      minmay_door_path, layout_loops_ring
D:3:      minmay_bubble_buster, layout_basic,
          dilly_ecumenical_altar_fadedgnrine, serial_undead, serial_undead_f,
          serial_undead_b, serial_undead_e, serial_undead_f,
          kennysheep_generic_room_12

Skill      XL: |  1  2  3 |
---------------+----------+-----
Invocations    | 1 |  1.2
Short Blades   | 1 |  1.1
Long Blades    | 1 |  1.1
Axes           | 1 |  1.1
Maces & Flails | 1 |  1.1
Polearms       | 1 |  1.1
Staves         | 1 |  1.1
Throwing       | 1 |  1.1
Armour         | 1 |  1.1
Shields        | 1 |  1.1
Unarmed Combat | 1 |  1.1
Spellcasting   | 1 |  1.1
Evocations     | 1 |  1.1
Fighting       | |  4.6
Ranged Weapons | |  8.5
Dodging        | |  4.6
Stealth        | |  2.5
Conjurations   | |  0.8
Hexes          | |  0.8
Summonings     | |  0.8
Necromancy     | |  0.8
Translocations | |  0.8
Transmutations | |  0.8
Fire Magic     | |  0.8
Ice Magic      | |  0.8
Air Magic      | |  0.8
Earth Magic    | |  0.8
Poison Magic   | |  0.8

Action                     |  1- 3 |  4- 6 || total
---------------------------+-------+-------++-------
   Fire: Shortbow          |   117 |    18 ||   135
 Armour: Leather armour    |    12 |     3 ||    15
  Dodge: Dodged            |    23 |     8 ||    31
